 Dungeon Crawl Stone Soup version 0.22-a0-614-g34fbaa0 (webtiles) character file.

146 zishaf the Magician (level 5, 0/37 HPs)
             Began as a Gnoll Wizard on July 20, 2018.
             Slain by Purgy (2 damage)
             ... on level 3 of the Dungeon.
             The game lasted 00:10:14 (3256 turns).

zishaf the Magician (Gnoll Wizard)                  Turns: 3256, Time: 00:10:15

Health: 0/37       AC:  2    Str: 10    XL:     5   Next: 28%
Magic:  0/14       EV: 14    Int: 21    God:
Gold:   90         SH:  0    Dex: 13    Spells: 10/18 levels left

rFire    . . .     SeeInvis .   e - +0 whip
rCold    + + .     Gourm    .   (no shield)
rNeg     . . .     Faith    .   a - +0 robe
rPois    .         Spirit   .   b - +0 hat
rElec    .         Reflect  .   (no cloak)
rCorr    .         Harm     .   (no gloves)
MR       .....                  (no boots)
Stlth    +++.......             (no amulet)
HPRegen  0.12/turn              k - ring of protection from cold
MPRegen  0.14/turn              q - ring of protection from cold

@: no status effects
A: distributed training, fangs 1, strong nose
a: no special abilities


You were on level 3 of the Dungeon.
You were not hungry.

You visited 1 branch of the dungeon, and saw 3 of its levels.

You collected 90 gold pieces.

Inventory:

Hand Weapons
 e - a +0 whip (weapon)
Armour
 a - a +0 robe (worn)
 b - a +0 hat (worn)
Jewellery
 k - a ring of protection from cold (left hand)
 q - a ring of protection from cold (right hand)
Wands
 j - a wand of random effects (26)
Scrolls
 h - 2 scrolls of teleportation {unknown}
 i - a scroll of random uselessness {unknown}
 l - a scroll of blinking {unknown}
 p - 2 scrolls of identify {unknown}
 s - a scroll of remove curse {unknown}
Potions
 c - 3 potions of lignification {unknown}
 f - 2 potions of curing {unknown}
 g - a potion of might {unknown}
 m - a potion of magic {unknown}
 n - a potion of brilliance {unknown}
 r - 2 potions of flight {unknown}
Comestibles
 d - 3 rations
 o - 3 chunks of flesh


   Skills:
 + Level 1.4 Fighting
 + Level 1.4 Short Blades
 + Level 1.4 Long Blades
 + Level 1.4 Axes
 + Level 1.4 Maces & Flails
 + Level 1.4 Polearms
 + Level 1.4 Staves
 + Level 1.4 Slings
 + Level 1.4 Bows
 + Level 1.4 Crossbows
 + Level 1.4 Throwing
 + Level 1.4 Armour
 + Level 4.7 Dodging
 + Level 4.3 Stealth
 + Level 1.4 Shields
 + Level 1.4 Unarmed Combat
 + Level 7.2 Spellcasting
 + Level 2.3 Conjurations
 + Level 1.1 Hexes
 + Level 1.1 Charms
 + Level 2.3 Summonings
 + Level 1.1 Necromancy
 + Level 2.3 Translocations
 + Level 1.1 Transmutations
 + Level 1.1 Fire Magic
 + Level 1.1 Ice Magic
 + Level 1.1 Air Magic
 + Level 1.1 Earth Magic
 + Level 1.1 Poison Magic
 + Level 1.5 Invocations
 + Level 1.4 Evocations


You had 10 spell levels left.
You knew the following spells:

 Your Spells              Type           Power        Failure   Level  Hunger
a - Magic Dart            Conj           ###.         3%          1    None
b - Blink                 Tloc           N/A          4%          2    None
c - Call Imp              Summ           ###.....     4%          2    None
d - Mephitic Cloud        Conj/Pois/Air  ##......     14%         3    None

Your spell library contained the following spells:

 Spells                   Type           Power        Failure   Level  Hunger
 Conjure Flame            Conj/Fire      ###.....     13%         3    None
 Slow                     Hex            ##......     9%          2    None


Dungeon Overview and Level Annotations

Branches:
Dungeon (3/15)

Altars:
Elyvilon
Hepliaklqana
Makhleb
Ru
Sif Muna
Xom

Annotations:
D:3 Purgy


Innate Abilities, Weirdness & Mutations

Your experience applies equally to all skills.
You have very sharp teeth.
Your uncanny sense of smell can sniff out nearby items.


Message History

* * * LOW HITPOINT WARNING * * *
Purgy claws you but does no damage. Purgy claws you.
* * * LOW HITPOINT WARNING * * *
You closely miss Purgy. You bite Purgy, but do no damage.
Purgy is severely wounded.
Purgy barely misses you. x2; Purgy misses you.
Casting: Magic Dart (safe; 3% risk of failure)
Confirm with . or Enter, or press ? or * to list all spells.
Aiming: Magic Dart (safe; 3% risk of failure)
Press: ? - help, Shift-Dir - straight line, f/p - Purgy
Aim: Purgy (severely wounded)
The magic dart hits Purgy.
Purgy is almost dead.
Purgy bites you.
* * * LOW HITPOINT WARNING * * *
Purgy claws you but does no damage. Purgy barely misses you.
You closely miss Purgy.
Purgy is almost dead.
Purgy bites you.
You die...

∆ #...# #8...8# #...#####
##.....####...#...###
_....$_#...........#
#(....##...........#
8...8##...........# ##
##_## ###...#...#.# ..
#########.<.....###.. #r
#...@##.#)#...#.# ### #.
#..T.##.#.#.).#.# # #.
#...###.#.....#.# #.##.#.#
#.#.....#.# #......#
#.#..#.##.# #.#####.###
#.........#
........######......### ##
#.######......)...#.######.
#.#####.#...........


You could see Purgy.

Vanquished Creatures
  Natasha (twice) (D:2)
  2 adders (D:2)
  3 worms (D:2)
  3 dart slugs
  7 bats
  2 giant cockroaches
  4 goblins
  7 hobgoblins
  7 jackals
  A quokka (D:3)
  A ball python (D:1)
  5 frilled lizards
  5 kobolds
  5 rats
54 creatures vanquished.

Vanquished Creatures (collateral kills)
  Natasha (D:2)
1 creature vanquished.

Grand Total: 55 creatures vanquished

Notes
Turn   | Place    | Note
-------+----------+-------------------------------------------
     0 | D:1      | zishaf the Gnoll Wizard began the quest for the Orb.
     0 | D:1      | Reached XP level 1. HP: 13/13 MP: 8/8
    21 | D:1      | Found a shimmering altar of Xom.
   198 | D:1      | Reached XP level 2. HP: 17/19 MP: 10/10
   881 | D:1      | Reached XP level 3. HP: 24/25 MP: 11/11
  1676 | D:2      | Noticed Natasha
  1970 | D:2      | Reached skill level 1 in Invocations
  2032 | D:2      | Reached skill level 1 in Fighting
  2032 | D:2      | Reached skill level 1 in Short Blades
  2032 | D:2      | Reached skill level 1 in Long Blades
  2032 | D:2      | Reached skill level 1 in Axes
  2032 | D:2      | Reached skill level 1 in Maces & Flails
  2032 | D:2      | Reached skill level 1 in Polearms
  2032 | D:2      | Reached skill level 1 in Staves
  2032 | D:2      | Reached skill level 1 in Slings
  2032 | D:2      | Reached skill level 1 in Bows
  2032 | D:2      | Reached skill level 1 in Crossbows
  2032 | D:2      | Reached skill level 1 in Throwing
  2032 | D:2      | Reached skill level 1 in Armour
  2032 | D:2      | Reached skill level 1 in Shields
  2032 | D:2      | Reached skill level 1 in Unarmed Combat
  2032 | D:2      | Reached skill level 1 in Evocations
  2190 | D:2      | Learned a level 2 spell: Blink
  2193 | D:2      | Learned a level 2 spell: Call Imp
  2241 | D:2      | Killed Natasha
  2241 | D:2      | Reached XP level 4. HP: 32/32 MP: 2/13
  2482 | D:2      | Found a burning altar of Makhleb.
  2525 | D:2      | Noticed Natasha
  2531 | D:2      | Killed Natasha
  2531 | D:2      | Reached skill level 1 in Hexes
  2531 | D:2      | Reached skill level 1 in Charms
  2531 | D:2      | Reached skill level 1 in Necromancy
  2531 | D:2      | Reached skill level 1 in Transmutations
  2531 | D:2      | Reached skill level 1 in Fire Magic
  2531 | D:2      | Reached skill level 1 in Ice Magic
  2531 | D:2      | Reached skill level 1 in Air Magic
  2531 | D:2      | Reached skill level 1 in Earth Magic
  2531 | D:2      | Reached skill level 1 in Poison Magic
  2600 | D:2      | Learned a level 3 spell: Mephitic Cloud
  2805 | D:2      | Noticed Natasha
  2811 | D:2      | Killed Natasha
  2811 | D:2      | Reached XP level 5. HP: 27/37 MP: 7/14
  3071 | D:3      | Found a hazy altar of Hepliaklqana.
  3207 | D:3      | Found a deep blue altar of Sif Muna.
  3210 | D:3      | Found a white marble altar of Elyvilon.
  3217 | D:3      | Noticed Purgy
  3248 | D:3      | Found a sacrificial altar of Ru.
  3256 | D:3      | Slain by Purgy

Vault maps used:
D:1:      lemuel_arrival_hallway, xom_teletrap_fun
D:2:      lemuel_coloured_pillars_altar, uniq_natasha
D:3:      nicolae_overflow_hidden_temple, lemuel_doored_altar, uniq_purgy

Skill      XL: |  1  2  3  4 |
---------------+-------------+-----
Conjurations   | 2 |  2.3
Summonings     | 2 |  2.3
Translocations | 2 |  2.3
Invocations    | 1 |  1.5
Fighting       | 1 |  1.4
Short Blades   | 1 |  1.4
Long Blades    | 1 |  1.4
Axes           | 1 |  1.4
Maces & Flails | 1 |  1.4
Polearms       | 1 |  1.4
Staves         | 1 |  1.4
Slings         | 1 |  1.4
Bows           | 1 |  1.4
Crossbows      | 1 |  1.4
Throwing       | 1 |  1.4
Armour         | 1 |  1.4
Shields        | 1 |  1.4
Unarmed Combat | 1 |  1.4
Evocations     | 1 |  1.4
Hexes          | 1 |  1.1
Charms         | 1 |  1.1
Necromancy     | 1 |  1.1
Transmutations | 1 |  1.1
Fire Magic     | 1 |  1.1
Ice Magic      | 1 |  1.1
Air Magic      | 1 |  1.1
Earth Magic    | 1 |  1.1
Poison Magic   | 1 |  1.1
Dodging        | |  4.7
Stealth        | |  4.3
Spellcasting   | |  7.2

Action                   |  1- 3 |  4- 6 || total
-------------------------+-------+-------++-------
Melee: Unarmed           |     4 |       ||     4
       Bite              |     8 |     3 ||    11
       Whip              |    95 |    20 ||   115
 Cast: Magic Dart        |    48 |    53 ||   101
       Call Imp          |     7 |     1 ||     8
       Mephitic Cloud    |       |     1 ||     1
 Stab: Sleeping          |     9 |       ||     9
       Confused          |       |     3 ||     3
  Eat: Chunk             |     4 |     3 ||     7
Armor: Robe              |    17 |    11 ||    28
Dodge: Dodged            |    71 |    35 ||   106

Table legend:
 A = Spawn XP
 B = Non-spawn XP
 C = Spawn XP percentage of total XP
 D = Spawn monster count
 E = Non-spawn monster count
 F = Spawn count percentage of total count
 G = Total turns spent on level
                    A         B        C        D         E        F      G
               +---------+---------+-------+---------+---------+-------+---------
         Total |       0 |     209 |   0.0 |       0 |      55 |   0.0 |  3256
               +---------+---------+-------+---------+---------+-------+---------
           D:1 |       0 |      38 |   0.0 |       0 |      22 |   0.0 |  1136
           D:2 |       0 |     146 |   0.0 |       0 |      19 |   0.0 |  1740
           D:3 |       0 |      25 |   0.0 |       0 |      14 |   0.0 |   380
               +---------+---------+-------+---------+---------+-------+---------
